 Dungeon Crawl Stone Soup version 0.31-a0-654-gbe3e110b4e (webtiles) character file.

Game seed: 8074607972996251963

1654 Dirtsage the Mimic (level 9, 0/53 HPs)
             Began as an Octopode Shapeshifter on Aug 30, 2023.
             Succumbed to a killer bee's poison
             ... on level 7 of the Dungeon.
             The game lasted 00:10:50 (4590 turns).

Dirtsage the Mimic (Octopode Shapeshifter)          Turns: 4590, Time: 00:10:51

Health: 0/53       AC:  5    Str: 16    XL:     9   Next: 0%
Magic:  9/9        EV: 18    Int: 14    God:
Gold:   409        SH:  0    Dex: 17    Spells: 8/8 levels left

rFire   . .          .
                       - Unarmed
rCold   . . .        (no shield)
rNeg    . . .        (helmet currently unavailable)
rPois   .            (no amulet)
rElec   .            s - +4 ring of protection
rCorr   .            r - +5 ring of evasion
SInv    .            w - +6 ring of dexterity
Will    .....        (no ring)
Stlth   +++          (no ring)
HPRegen 0.28/turn    (no ring)
MPRegen 0.11/turn    (no ring)
                     (no ring)

%: no passive effects
@: mighty, lethally poisoned (0 -> -12), beast-form
A: beast (slay +4), almost no armour, amphibious, 8 rings, camouflage 1,
gelatinous body 1, (nimble swimmer 1), tentacles
a: Begin Untransformation


You were on level 7 of the Dungeon.
You were a hulking beast.
You visited 2 branches of the dungeon, and saw 8 of its levels.

You collected 409 gold pieces.

Inventory:

Magical Staves
 e - a staff of fire
 x - a staff of cold
Jewellery
 r - a +5 ring of evasion (right tentacle)
 s - a +4 ring of protection (left tentacle)
 w - a +6 ring of dexterity (on tentacle)
Talismans
 b - a beast talisman (active)
 c - a flux talisman
Wands
 a - a wand of flame (18)
 n - a wand of mindburst (11)
 u - a wand of roots (5)
Scrolls
 g - 2 scrolls of fog
 h - a scroll of enchant weapon
 i - 6 scrolls of identify
 o - 4 scrolls of enchant armour
 p - a scroll of poison
Potions
 d - a potion of might
 j - a potion of mutation {unknown}
 k - a potion of haste {unknown}
 m - a potion of ambrosia {unknown}
 v - a potion of magic {unknown}
 z - a potion of attraction {unknown}


   Skills:
 - Level 1.0 Fighting
 - Level 2.0 Dodging
 + Level 7.1 Unarmed Combat
 * Level 8.8 Shapeshifting


You had 8 spell levels left.
You didn't know any spells.
Your spell library contained the following spells:

 Spells                   Type           Power      Damage    Failure   Level
 Sublimation of Blood     Necr           0%         N/A       41%         2
 Wereblood                Tmut           0%         N/A       41%         2
 Summon Hydra             Summ           0%         N/A       100%        7


Dungeon Overview and Level Annotations

Branches:
Dungeon (7/15)             Temple (1/1) D:4

Altars:
Ashenzari
Cheibriados
Dithmenos
Hepliaklqana
Makhleb
Ru
Sif Muna
Trog
Vehumet
Yredelemnul
Zin

Shops:
D:1 =   D:5 :


Innate Abilities, Weirdness & Mutations

You are a hulking beast.
Your limbs bulge with bestial killing power. (Slay +4)
You cannot wear most types of armour.
You are amphibious.
You can wear up to eight rings at the same time.
Your skin changes colour to match your surroundings (Stealth+).
Your rubbery body absorbs attacks. (AC +1, EV +1)
((You are camouflaged when in or above water. (Stealth+)))
You have tentacles for arms and can constrict up to eight enemies at once.


Message History

You constrict the killer bee.
* * * LOW HITPOINT WARNING * * *
You feel sick. The killer bee barely misses you.
The killer bee stings you but does no damage.
The killer bee closely misses you. x2
You take 2 damage, and have 5/48 hp.
You feel much better.
You constrict the killer bee.
You kill the killer bee!
You feel sick. The killer bee barely misses you.
The killer bee completely misses you. The white imp gestures at you.
The puff of frost hits you.
You have reached level 9!
Your experience leads to an increase in your attributes!
Your base attributes are Str 16, Int 12, Dex 11.
Increase (s)trength, (i)ntelligence, or (d)exterity?
You feel clever. x2
You regained 17 hp, and now have 22/53 hp.
MP restored: 9 You completely miss the killer bee.
Your grab misses the killer bee.
You feel sick. The killer bee stings you.
* * * LOW HITPOINT WARNING * * *
You are lethally poisoned!
The killer bee poisons you! The killer bee barely misses you.
The white imp gestures at you. The puff of frost hits you.
* * * LOW HITPOINT WARNING * * *
You take 14 damage, and have 8/53 hp.
MASSIVE DAMAGE!!
You miss the killer bee. Your grab misses the killer bee.
* * * LOW HITPOINT WARNING * * *
You feel very sick. The killer bee stings you.
* * * LOW HITPOINT WARNING * * *
The killer bee misses you.
You take 6 damage, and have 2/53 hp.
It was a potion of might.
You feel very mighty all of a sudden.
d - a potion of might
s - a +4 ring of protection (left tentacle)
You die...

######### ..... ..
........# ...# #..
#...#...####.####...
...................#
#...#.....)........#
................#.#
#####.....#.......#
###.....##.##.......##
##..............h.....#
.#..........##.†y.......
.............#......#...
#.§..§............5# ..
##.§yy§.##.....##)..#
#.§§§§§§.......)<##.#
..§oo§§........))...#
..§§#.........###...#
....##.........##......


You could see a killer bee and a white imp.

Vanquished Creatures
  A steam dragon (D:5)
  2 water moccasins
  A black bear (D:6)
  An ogre (D:6)
  A bullfrog (D:6)
  5 scorpions
  3 killer bees (D:7)
  A howler monkey (D:5)
  4 hounds
  An orc priest (D:5)
  4 iguanas
  2 sleepcaps
  3 orc wizards
  4 gnolls (D:5)
  7 adders
  A shadow imp (D:6)
  A white imp (D:4)
  A worm (D:2)
  20 orcs
  10 endoplasms
  3 giant cockroaches
  6 goblins
  4 hobgoblins
  4 jackals (D:1)
  3 quokkas
  2 ball pythons
  8 bats
  2 frilled lizards
  6 kobolds
  4 rats
115 creatures vanquished.

Notes
Turn   | Place    | Note
-------+----------+-------------------------------------------
     0 | D:1      | Dirtsage the Octopode Shapeshifter began the quest for the
                  | Orb.
     0 | D:1      | Reached XP level 1. HP: 13/13 MP: 1/1
   250 | D:1      | Reached XP level 2. HP: 18/18 MP: 2/2
   344 | D:1      | Found Siudehoa's Jewellery Emporium.
   813 | D:2      | Reached XP level 3. HP: 23/23 MP: 3/3
  1430 | D:2      | Reached skill level 4 in Shapeshifting
  1433 | D:2      | Reached XP level 4. HP: 28/28 MP: 4/4
  1469 | D:3      | Found a shadowy altar of Dithmenos.
  1997 | D:3      | Found a glowing silver altar of Zin.
  2095 | D:4      | Noticed a scorpion
  2103 | D:4      | Killed a scorpion
  2104 | D:4      | Reached XP level 5. HP: 33/33 MP: 5/5
  2317 | D:4      | Found a staircase to the Ecumenical Temple.
  2323 | Temple   | Entered the Ecumenical Temple
  2493 | D:5      | Entered Level 5 of the Dungeon
  2493 | D:5      | Found a basalt altar of Yredelemnul.
  2593 | D:5      | Noticed a water moccasin
  2599 | D:5      | Killed a water moccasin
  2600 | D:5      | Reached skill level 5 in Shapeshifting
  2600 | D:5      | Reached XP level 6. HP: 22/38 MP: 6/6
  2737 | D:5      | Found Xaushryq's Vocational Training.
  2846 | D:5      | Reached skill level 5 in Unarmed Combat
  2846 | D:5      | Reached skill level 6 in Shapeshifting
  2860 | D:5      | Reached XP level 7. HP: 43/43 MP: 7/7
  2931 | D:5      | Noticed a steam dragon
  3496 | D:5      | Killed a steam dragon
  3497 | D:5      | Reached skill level 7 in Shapeshifting
  3497 | D:5      | Reached XP level 8. HP: 23/48 MP: 8/8
  3859 | D:6      | Found a sacrificial altar of Ru.
  3869 | D:6      | Reached skill level 8 in Shapeshifting
  4588 | D:7      | Reached XP level 9. HP: 22/53 MP: 9/9
  4589 | D:7      | HP: 2/53 [killer bee (3)]
  4590 | D:7      | Succumbed to a killer bee's poison

Illustrated notes

Levels and vault maps discovered:
D:1:      roderic_dead_forest, layout_loops_ring, serial_shops,
          nicolae_shop_tiny_real_fake_doors, minmay_crystal_water
D:2:      layout_basic, grunt_ministairs_4, roderic_roman_lattice,
          minmay_tetromino_i2
D:3:      layout_loops_ring, lemuel_doored_altar, mainiacjoe_overflow_alcove_4,
          minivault_4
D:4:      layout_rooms, minmay_temple_entry_gardened_gates,
          minmay_misc_feat_secret_circle, minmay_statues_item,
          nrook_mini_backslash
D:5:      layout_basic, mainiacjoe_overflow_alcove_1, nicolae_shop_vocational
D:6:      layout_loops_ring, mainiacjoe_overflow_chevrons, grunt_decor_cap
D:7:      layout_cave_pools, nicolae_qazlal_style_of_elements,
          lemuel_coloured_pillars_altar, okawaru_ov_weapons_minmay,
          mainiacjoe_overflow_catwalk, pdpol_wu_jian_five_deadly_venoms
Temple:   hellmonk_temple_of_storms

Skill      XL: |  1  2  3  4  5  6  7  8 |
---------------+-------------------------+-----
Shapeshifting  | 4 5 6 7 8 |  8.8
Unarmed Combat | 4 5 7 |  7.1
Fighting       | |  1.0
Dodging        | |  2.0

Action                     |  1- 3 |  4- 6 |  7- 9 || total
---------------------------+-------+-------+-------++-------
  Melee: Unarmed           |    62 |    83 |    97 ||   242
         Constrict         |    15 |    21 |    27 ||    63
         Tentacles         |     9 |    15 |    28 ||    52
         Punch             |     2 |     9 |     6 ||    17
  Evoke: Wand              |       |     2 |     2 ||     4
    Use: Potion            |       |     1 |     6 ||     7
         Scroll            |       |       |     6 ||     6
   Stab: Sleeping          |     8 |     5 |     1 ||    14
         Distracted        |       |     1 |       ||     1
 Armour: Skin              |     3 |    19 |    36 ||    58
  Dodge: Dodged            |    28 |    47 |    90 ||   165

Table legend: (Time is in decaauts)
 A = Elapsed time spent in this place.
 B = Non-inter-level travel time spent in this place.
 C = Inter-level travel time spent in this place.
 D = Time resting spent in this place.
 E = Time spent auto-exploring this place.
 F = Levels seen in this place.
 G = Mean time per level.
                   A        B        C        D        E       F      G
               +--------+--------+--------+--------+--------+-----+--------+
         Total |   4564 |   4398 |    166 |    255 |   3348 |   8 |  570.5 |
       Dungeon |   4562 |   4396 |    166 |    255 |   3348 |   7 |  651.7 |
        Temple |      1 |      1 |      0 |      0 |      0 |   1 |    1.0 |
               +--------+--------+--------+--------+--------+-----+--------+

Top non-repeatable levels by time:
     D:5: 1010 daAuts
     D:6: 870 daAuts
     D:1: 757 daAuts
     D:2: 694 daAuts
     D:4: 572 daAuts
     D:3: 558 daAuts
     D:7: 99 daAuts
  Temple: 1 daAuts
